 Dungeon Crawl Stone Soup version 0.26-a0-597-gb535b0901c (webtiles) character file.

Game seed: 12841349741723847515

44 Alarkh the Insei (level 3, 27/27 HPs)
             Began as a Demonspawn Gladiator on Sept 10, 2020.
             Got out of the dungeon alive.
             The game lasted 00:01:56 (1425 turns).

Alarkh the Insei (Demonspawn Gladiator)             Turns: 1425, Time: 00:01:56

Health: 27/27      AC:  7    Str: 20    XL:     3   Next: 41%
Magic:  3/3        EV: 12    Int: 10    God:
Gold:   78         SH:  0    Dex: 14    Spells: 2/2 levels left

rFire    . . .     SeeInvis .     - Unarmed
rCold    . . .     Faith    .   (no shield)
rNeg     . . .     Spirit   .   a - +0 leather armour
rPois    .         Reflect  .   b - +0 helmet
rElec    .         Harm     .   (no cloak)
rCorr    .         Rnd*Tele +   i - +2 pair of gloves
MR       .....                  (no boots)
Stlth    +.........             (no amulet)
HPRegen  0.09/turn              h - +6 ring of strength
MPRegen  0.08/turn              n - ring of teleportation (curse)

@: no status effects
A: demonic guardian 1, spiny 1
a: no special abilities


You escaped.
You visited 1 branch of the dungeon, and saw 2 of its levels.

You collected 78 gold pieces.

Inventory:

Missiles
 c - 3 throwing nets (quivered)
Armour
 a - a +0 leather armour (worn)
 b - a +0 helmet (worn)
 i - a +2 pair of gloves (worn)
Jewellery
 h - a +6 ring of strength (left hand)
 n - a cursed ring of teleportation (right hand)
Scrolls
 d - 2 scrolls of identify {unknown}
 e - a scroll of blinking {unknown}
 f - 2 scrolls of remove curse {unknown}
 j - a scroll of fear {unknown}
 m - 3 scrolls of teleportation {unknown}
Potions
 g - a potion of berserk rage {unknown}
 k - a potion of magic {unknown}
 l - a potion of cancellation {unknown}


   Skills:
 - Level 2.0 Fighting
 - Level 1.7 Throwing
 - Level 2.6 Dodging
 + Level 4.1 Unarmed Combat


You had 2 spell levels left.
You didn't know any spells.
Your spell library was empty.

Dungeon Overview and Level Annotations

Branches:
Dungeon (2/15)

Altars:


Innate Abilities, Weirdness & Mutations

A weak demonic guardian rushes to your aid.
You are partially covered in sharp spines.


Message History

The kobold throws a stone.
The stone hits you but does no damage. The kobold barely misses you.
Found an emerald potion.
You hit the kobold.
You kill the kobold!
No target in view!
No target in view!
No target in view!
No target in view!
No target in view!
No target in view!
You see here a stone.
You see here a +0 club.
You see here a frilled lizard corpse.
There is a stone staircase leading up here.
You climb upwards.
There is a stone staircase leading down here.
There is a staircase leading out of the dungeon here.
Are you sure you want to leave the Dungeon?
This will make you lose the game!
You have escaped!

#####.......####.### #.......#
#>....########.....## #.#####.#
#.##### #.#8≈8#.###.## #.#
#.#### ###.#≈≈≈#.##...####.#
#.##.## ##.#.#8≈8#.##.#...##.#
#.#...####..#.#≈≈≈#.##.....##.#
.........'..#.#8≈8#.#......##.#
#.#...####..##.....####.......#
#.##.## ##.###.@.## ##.#.####
#.####### ######### ###.###
........# #...# ##...##
..#####.# ##'##########...#.#
..### #.# #.# #.....##...#.#
....# #.######.###.###.##...#.#
.##.# #.##......##.# #.###[..##
.##.###.##.##...##.###.# ##.##
........##.#.........#.# #.#


There were no monsters in sight!

Vanquished Creatures
  An adder (D:2)
  3 dart slugs
  3 goblins
  5 hobgoblins
  4 jackals (D:1)
  6 kobolds
  2 frilled lizards
  5 rats
29 creatures vanquished.

Notes
Turn   | Place    | Note
-------+----------+-------------------------------------------
     0 | D:1      | Alarkh the Demonspawn Gladiator began the quest for the
                  | Orb.
     0 | D:1      | Reached XP level 1. HP: 16/16 MP: 1/1
   230 | D:1      | Reached skill level 3 in Unarmed Combat
   278 | D:1      | Gained mutation: You are partially covered in sharp spines.
                  | [demonic ancestry]
   278 | D:1      | Reached XP level 2. HP: 12/22 MP: 2/2
  1007 | D:2      | Gained mutation: A weak demonic guardian rushes to your
                  | aid. [demonic ancestry]
  1007 | D:2      | Reached XP level 3. HP: 27/27 MP: 3/3
  1200 | D:2      | Found a faded altar of an unknown god.
  1214 | D:2      | Reached skill level 4 in Unarmed Combat
  1425 | D:$      | Got out of the dungeon alive.

Illustrated notes

Levels and vault maps discovered:
D:1:      lightli_arrival_statue_moat, layout_loops_corners
D:2:      layout_loops_cross, lemuel_coloured_pillars_altar,
          chequers_ecumenical_altar_simple

Skill      XL: |  1  2  3 |
---------------+----------+-----
Unarmed Combat | 3 4 |  4.1
Fighting       | |  2.0
Throwing       | |  1.7
Dodging        | |  2.6

Action                   || total
-------------------------++-------
Melee: Unarmed           ||    80
       Punch             ||     3
 Stab: Sleeping          ||     1
Armor: Leather armour    ||    21
Dodge: Dodged            ||    39

Table legend: (Time is in decaauts)
 A = Elapsed time spent in this place.
 B = Non-inter-level travel time spent in this place.
 C = Inter-level travel time spent in this place.
 D = Time resting spent in this place.
 E = Time spent auto-exploring this place.
 F = Levels seen in this place.
 G = Mean time per level.
                   A        B        C        D        E       F      G
               +--------+--------+--------+--------+--------+-----+--------+
         Total |   1420 |   1210 |    210 |     69 |    958 |   2 |  710.0 |
       Dungeon |   1420 |   1210 |    210 |     69 |    958 |   2 |  710.0 |
               +--------+--------+--------+--------+--------+-----+--------+

Top non-repeatable levels by time:
     D:1: 1069 daAuts
     D:2: 351 daAuts
